 Dungeon Crawl Stone Soup version 0.27-a0-385-g3208abaabc (console) character file.

Game seed: 5287188625302403572

(classic levelgen) 11181 Duffy the Martial Artist (level 11, -3/93 HPs)
             Began as an Octopode Transmuter on Feb 18, 2021.
             Was a Priest of Cheibriados.
             Slain by a wolf (6 damage)
             ... on level 1 of the Lair of Beasts.
             The game lasted 00:18:57 (18386 turns).

Duffy the Martial Artist (Octopode Transmuter)     Turns: 18386, Time: 00:18:58

Health: -3/93      AC:  7    Str: 22    XL:     11   Next: 73%
Magic:  17/19      EV: 16    Int: 27    God:    Cheibriados [***...]
Gold:   535        SH:  0    Dex: 19    Spells: 10/21 levels left

rFire    x . .     SeeInvis .     - Unarmed
rCold    + + +     Faith    .   (shield currently unavailable)
rNeg     + . .     Spirit   .   (helmet currently unavailable)
rPois    +         Reflect  .   (no amulet)
rElec    .         Harm     .   i - ring of poison resistance
rCorr    +         Rampage  .   B - +6 ring of strength
Will     .....                  d - ring of resist corrosion
Stlth    ++........             F - ring of positive energy
HPRegen  0.25/turn              (no ring)
MPRegen  0.16/turn              (no ring)
                                (no ring)
                                (no ring)

@: ice-form, very slow
A: large, almost no armour, stealthy swim, amphibious, 8 rings, (constrict 8)
a: End Transformation, Renounce Religion, Bend Time, Temporal Distortion


You were on level 1 of the Lair of Beasts.
You worshipped Cheibriados.
Cheibriados was most pleased with you.
You were a creature of crystalline ice.
You visited 3 branches of the dungeon, and saw 13 of its levels.
You also visited: Sewer.

You collected 694 gold pieces.
You spent 159 gold pieces at shops.

Inventory:

Hand Weapons
 D - the +3 falchion of the Lumpy Stories {freeze, Will+, unknown}
   (You found it on level 8 of the Dungeon)

   It has been specially enchanted to freeze those struck by it, causing extra
   injury to most foes and up to half again as much damage against particularly
   susceptible opponents.
   It can also slow down cold-blooded creatures.
   It affects your willpower, your defense against some magical effects.
 G - the +2 scimitar of Jatu {flame, Fragile +Blink Str+4 Int+4, unknown}
   (You found it on level 1 of the Lair of Beasts)

   It has been specially enchanted to burn those struck by it, causing extra
   injury to most foes and up to half again as much damage against particularly
   susceptible opponents.
   Big, fiery blades are also staple armaments of hydra-hunters.
   It affects your strength (+4).
   It affects your intelligence (+4).
   It lets you blink.
   It will be destroyed if unequipped.
Missiles
 q - 3 throwing nets
Armour
 w - a +2 hat (melded)
Jewellery
 d - a ring of resist corrosion (on tentacle)
 i - a ring of poison resistance (left front paw)
 B - a +6 ring of strength (right front paw)
 F - a ring of positive energy (on tentacle)
Wands
 p - a wand of mindburst (16)
 y - a wand of iceblast (6)
 z - a wand of polymorph (22)
Scrolls
 a - 5 scrolls of teleportation
 c - 2 scrolls of amnesia
 f - 2 scrolls of fog
 g - a scroll of immolation {unknown}
 h - 3 scrolls of enchant armour
 j - 3 scrolls of fear
 l - a scroll of torment {unknown}
 r - a scroll of blinking {unknown}
 s - a scroll of brand weapon {unknown}
 v - 3 scrolls of magic mapping {unknown}
 x - a scroll of vulnerability {unknown}
Potions
 b - 2 potions of might
 e - 9 potions of flight
 k - 12 potions of curing
 m - a potion of ambrosia
 n - 2 potions of lignification
 o - 3 potions of invisibility
 t - a potion of magic
 u - 6 potions of heal wounds
 A - 2 potions of mutation
 C - a potion of brilliance {unknown}
Miscellaneous
 E - a tin of tremorstones (2/2)


   Skills:
 - Level 8.4 Fighting
 - Level 8.7 Dodging
 - Level 10.4 Unarmed Combat
 + Level 5.8 Spellcasting
 - Level 2.0 Translocations
 + Level 6.7 Transmutations
 - Level 2.0 Ice Magic
 - Level 2.0 Poison Magic
 - Level 2.0 Evocations


You had 10 spell levels left.
You knew the following spells:

 Your Spells              Type           Power        Failure   Level
h - Ice Form              Ice/Tmut       31%          11%         4
j - Wereblood             Tmut           44%          1%          2
k - Spider Form           Tmut/Pois      15%          3%          3
l - Beastly Appendage     Tmut           88%          1%          1
y - Apportation           Tloc           36%          3%          1

Your spell library contained the following spells:

 Spells                   Type           Power        Failure   Level
 Animate Skeleton         Necr           14%          7%          1
 Corona                   Hex            7%           7%          1
 Foxfire                  Conj/Fire      28%          7%          1
 Summon Small Mammal      Summ           28%          7%          1
 Blade Hands              Tmut           22%          12%         5
 Conjure Flame            Conj/Fire      7%           21%         3
 Inner Flame              Hex/Fire       7%           21%         3
 Sticky Flame             Conj/Fire      7%           54%         4
 Fireball                 Conj/Fire      3%           88%         5


Dungeon Overview and Level Annotations

Branches:
Dungeon (11/15)            Temple (1/1) D:5            Lair (1/6) D:10
  Sewer (visited)
    Orc: D:9-12

Altars:
Ashenzari
Cheibriados
Dithmenos
Elyvilon
Fedhas
Gozag
Hepliaklqana
Kikubaaqudgha
Makhleb
Nemelex Xobeh
Okawaru
Qazlal
Ru
Sif Muna
Trog
Uskayaw
Vehumet
Wu Jian
Xom
Yredelemnul
Zin
The Shining One

Shops:
D:4 ?   D:5 [

Annotations:
D:3 4 runed translucent doors, exclusions: door and orc wizard, ReteAZ's ghost, weakling DsFi
D:8 exclusion: ice statue
D:11 exclusions: gnoll sergeant and merfolk


Innate Abilities, Weirdness & Mutations

You cannot wear most types of armour.
You are very stealthy in the water. (Stealth+)
You are amphibious.
You can wear up to eight rings at the same time.
((You can use your tentacles to constrict eight enemies at once.))
((Your skin changes colour to match your surroundings (Stealth+).))
((Your rubbery body absorbs attacks. (AC +1, EV +1)))


Message History

You freeze the komodo dragon.
You kill the komodo dragon!
Cheibriados appreciates the change of pace.
A black bear comes into view.
A komodo dragon comes into view.
The komodo dragon hisses angrily.
The black bear growls angrily.
You hear a howl!
You hear an angry growl.
The black bear bites you but does no damage.
The black bear completely misses you. The black bear claws you.
You punch the black bear! You freeze the black bear.
The black bear is heavily wounded.
The black bear barely misses you. x2
The black bear claws you but does no damage.
You hit the black bear. You freeze the black bear.
The black bear is severely wounded.
The komodo dragon bites you!
A wolf comes into view.
You pummel the black bear!! You freeze the black bear.
You kill the black bear!
Cheibriados thoroughly appreciates the change of pace.
You punch the komodo dragon!
The komodo dragon seems to slow down.
You freeze the komodo dragon.
The komodo dragon is heavily wounded.
The komodo dragon hisses menacingly.
The komodo dragon bites you!!
* * * LOW HITPOINT WARNING * * *
You punch the komodo dragon! You freeze the komodo dragon.
The komodo dragon is severely wounded.
The komodo dragon bites you!!
* * * LOW HITPOINT WARNING * * *
The wolf misses you.
You punch the komodo dragon! You freeze the komodo dragon.
You kill the komodo dragon!
Cheibriados appreciates the change of pace.
The wolf closely misses you.
A black bear comes into view.
You swing at nothing.
The wolf closely misses you.
You hit the wolf but do no damage. The wolf barely misses you.
The wolf bites you.
You die...

... ..# .# ..# .## ..# ..#
..# ..# ....####.. ..##
##.......# ...# #....#h..
..##########..P#%h##
..>........(.....Y.#
..................##
..................P# ###
......#.P###..#.P.####~##
......#.........#...#~7P##
................#.....~7~##
#.(...#.####.P#+#.....P~P~#
#.....................~~~7#
#.....................P~~~#


You could see a black bear and a wolf.

Vanquished Creatures
  2 two-headed ogres (D:8)
  Joseph (D:7)
  3 komodo dragons (Lair:1)
  A troll (D:9)
  16 yaks
  3 wyverns
  A water moccasin (D:6)
  3 orc warriors
  3 sky beasts
  3 black bears
  An ice beast (D:11)
  5 necrophages
  6 ogres
  3 centaurs
  3 phantoms
  3 kobold brigands (Sewer)
  9 bullfrogs
  A water moccasin zombie (D:9)
  4 scorpions
  13 wights
  2 jellies
  4 howler monkeys
  A bullfrog zombie (D:6)
  3 quasits
  5 hounds
  3 centaur skeletons
  A gnoll shaman (D:7)
  4 orc priests
  3 iguanas
  5 orc wizards
  6 worker ants
  A killer bee zombie (D:6)
  2 hound skeletons
  4 worker ant zombies (D:6)
  6 gnolls
  A howler monkey skeleton (D:6)
  11 adders
  5 river rats (Sewer)
  2 shadow imps
  2 white imps
  An ufetubus (D:6)
  3 oozes
  2 adder zombies
  An adder skeleton (D:7)
  6 worms
  4 dart slugs
  7 leopard geckos
  28 orcs
  6 ball pythons
  10 giant cockroaches
  9 goblins
  3 hobgoblins
  11 jackals
  6 quokkas
  9 bats
  4 frilled lizards
  22 kobolds
  2 leopard gecko skeletons
  A leopard gecko zombie (D:8)
  24 rats
  7 bushes (D:6)
321 creatures vanquished.

Vanquished Creatures (others)
  An orc wizard (D:9)
  72 plants
  2 withered plants (D:4)
75 creatures vanquished.

Grand Total: 396 creatures vanquished

Notes
Turn   | Place    | Note
-------+----------+-------------------------------------------
     0 | D:1      | Duffy the Octopode Transmuter began the quest for the Orb.
     0 | D:1      | Reached XP level 1. HP: 13/13 MP: 3/3
   313 | D:1      | Reached XP level 2. HP: 17/18 MP: 3/5
   808 | D:1      | Reached XP level 3. HP: 23/23 MP: 4/6
   883 | D:1      | Learned a level 2 spell: Wereblood
   887 | D:1      | Learned a level 3 spell: Spider Form
  1612 | D:2      | Found a glowing golden altar of the Shining One.
  1748 | D:2      | Reached skill level 1 in Poison Magic
  1748 | D:2      | Reached XP level 4. HP: 15/28 MP: 4/7
  2215 | D:2      | Reached skill level 4 in Unarmed Combat
  2658 | D:3      | Found a glowing golden altar of the Shining One.
  2662 | D:3      | Noticed an angel
  2669 | D:3      | Found a runed translucent door.
  3192 | D:3      | Reached XP level 5. HP: 23/33 MP: 2/8
  3576 | D:3      | Found an iron altar of Okawaru.
  4178 | D:3      | Noticed ReteAZ's ghost (weakling DsFi)
  4187 | D:3      | Found a runed translucent gate.
  4187 | D:3      | Found a runed translucent gate.
  4189 | D:3      | Found a runed translucent gate.
  4261 | D:3      | Found a shimmering blue altar of Sif Muna.
  4347 | D:4      | Found Ragis's Magic Scroll Shoppe.
  4363 | D:4      | Bought a scroll of teleportation for 33 gold pieces
  4363 | D:4      | Bought a scroll of fog for 22 gold pieces
  4363 | D:4      | Bought a scroll of fear for 38 gold pieces
  4363 | D:4      | Bought a scroll of identify for 22 gold pieces
  4363 | D:4      | Bought a scroll of identify for 22 gold pieces
  4363 | D:4      | Bought a scroll of identify for 22 gold pieces
  4384 | D:4      | Reached XP level 6. HP: 38/38 MP: 1/10
  4630 | D:4      | You fall into a shaft and drop 2 floors!
  4783 | D:6      | Found a blossoming altar of Fedhas.
  5015 | D:6      | Found a glowing drain.
  5025 | Sewer    | Entered a sewer
  5093 | Sewer    | Reached skill level 5 in Unarmed Combat
  5443 | Sewer    | Reached XP level 7. HP: 37/43 MP: 11/11
  5916 | Sewer    | Reached skill level 5 in Transmutations
  6555 | D:6      | Noticed a yak
  6719 | D:5      | Entered Level 5 of the Dungeon
  6719 | D:5      | Found Guewk's Antique Armour Boutique.
  6841 | D:4      | Found an ancient bone altar of Kikubaaqudgha.
  6860 | D:4      | Reached skill level 6 in Unarmed Combat
  7029 | D:4      | Reached XP level 8. HP: 16/48 MP: 8/13
  7656 | D:4      | Learned a level 4 spell: Ice Form
  8612 | D:4      | Reached skill level 7 in Unarmed Combat
  8642 | D:5      | Found a staircase to the Ecumenical Temple.
  8676 | Temple   | Entered the Ecumenical Temple
  9813 | D:6      | Noticed a yak
  9813 | D:6      | Noticed a yak
  9816 | D:6      | Noticed a yak
  9818 | D:6      | Noticed a yak
  9827 | D:6      | Killed a yak
  9828 | D:6      | Reached XP level 9. HP: 33/58 MP: 9/15
 10175 | D:6      | Found a hide-covered altar of Uskayaw.
 10226 | D:6      | Found a basalt altar of Yredelemnul.
 10301 | D:6      | Reached skill level 5 in Dodging
 10531 | D:6      | Reached skill level 8 in Unarmed Combat
 10821 | D:6      | Reached skill level 5 in Fighting
 11246 | D:7      | Found a sparkling altar of Nemelex Xobeh.
 11336 | D:7      | Found a snail-covered altar of Cheibriados.
 11503 | D:7      | Noticed Joseph
 11519 | D:7      | Killed Joseph
 11520 | D:7      | Reached skill level 1 in Ice Magic
 11800 | D:7      | You fall into a shaft and drop 1 floor!
 11817 | D:8      | Reached XP level 10. HP: 61/68 MP: 11/16
 11854 | D:8      | Noticed an ice statue
 12255 | D:7      | Became a worshipper of Cheibriados the Contemplative
 12862 | D:8      | Reached skill level 1 in Evocations
 12869 | D:8      | Reached skill level 9 in Unarmed Combat
 12935 | D:8      | Noticed a two-headed ogre
 13100 | D:8      | Found a hazy altar of Hepliaklqana.
 13193 | D:8      | Got a polished falchion
 13211 | D:8      | Noticed a two-headed ogre
 13218 | D:8      | Killed a two-headed ogre
 13303 | D:8      | Killed a two-headed ogre
 13679 | D:8      | Found a bloodstained altar of Trog.
 13825 | D:9      | Reached * piety under Cheibriados
 14212 | D:9      | Learned a level 1 spell: Apportation
 14853 | D:9      | Reached skill level 10 in Unarmed Combat
 14853 | D:9      | Reached XP level 11. HP: 76/76 MP: 12/17
 14949 | D:9      | Reached ** piety under Cheibriados
 15480 | D:9      | Found a radiant altar of Vehumet.
 15983 | D:10     | Entered Level 10 of the Dungeon
 15994 | D:10     | Found a staircase to the Lair.
 16321 | D:10     | Found a portal to a secret trove of treasure.
 16875 | D:11     | Reached skill level 1 in Translocations
 17064 | D:11     | Reached *** piety under Cheibriados
 17504 | D:10     | Reached skill level 5 in Spellcasting
 17726 | Lair:1   | Entered Level 1 of the Lair of Beasts
 18296 | Lair:1   | Got an ancient scimitar
 18383 | Lair:1   | HP: 3/93 [komodo dragon (27)]
 18386 | Lair:1   | Slain by a wolf

Illustrated notes

Levels and vault maps discovered:
D:1:      saegor_arrival_simple_a, layout_loops_ring, minmay_crystal_water,
          minivault_14, minmay_liquid_box, roderic_serpentine_path
D:2:      layout_loops_ring, nicolae_overflow_crystal_walls,
          hangedman_decor_slide_cut, minmay_tromino_v4_c
D:3:      layout_loops_cross, led_sif_book, okawaru_metal_pillars_3,
          gammafunk_ghost_split, lemuel_angel_altar
D:4:      layout_rooms, kiku_gazebo_garden_becter, serial_shops, shop
D:5:      layout_rooms, minmay_temple_entry_offerings, serial_shops, shop,
          grunt_decor_junction
D:6:      minmay_razor_zed, layout_basic, fedhas_altar_decomposition,
          eat_drink_and_be_merry_uskayaw, cheibrodos_sewer_entry_bend,
          yredelemnul_altar_generic
D:7:      layout_gridville, nemelex_xobeh_ov_fountains_minmay,
          lemuel_doored_altar, uniq_joseph
D:8:      lemuel_ice_statue, layout_basic, nzn_hepliaklqana_mist_gate,
          trog_hazing_becter
D:9:      layout_cave_pods, overflow_temple_1_default
D:10:     layout_loops_cross, lair_entry_dummy, nicolae_trove_entry_free_sample
D:11:     kennysheep_town
Temple:   chequers_temple_sunken
Lair:1:   layout_chaotic_city, fungi_pond_lemuel, beast_lair_carwin_5,
          grunt_megastairs_5, serial_bayou_shore_b, serial_bayou_shore_a

Skill      XL: |  1  2  3  4  5  6  7  8  9 10 11 |
---------------+----------------------------------+-----
Transmutations | 3 4 5 6 |  6.7
Poison Magic   | 1 2 |  2.0
Unarmed Combat | 4 5 6 7 8 10 | 10.4
Spellcasting   | 3 4 5 |  5.8
Fighting       | 3 5 7 8 |  8.4
Dodging        | 4 6 8 |  8.7
Ice Magic      | 2 |  2.0
Evocations     | 2 |  2.0
Translocations | 2 |  2.0

Action                   |  1- 3 |  4- 6 |  7- 9 | 10-12 || total
-------------------------+-------+-------+-------+-------++-------
Melee: Unarmed           |    75 |   189 |   492 |   333 ||  1089
       Constrict         |    23 |    29 |    44 |    31 ||   127
       Kick              |    10 |    19 |    15 |    10 ||    54
       Tentacles         |     6 |    19 |    86 |    39 ||   150
       Punch             |       |     5 |    30 |     7 ||    42
 Cast: Beastly Appendage |    14 |    26 |    17 |     9 ||    66
       Spider Form       |     1 |     8 |    18 |    13 ||    40
       Wereblood         |       |     4 |     9 |     6 ||    19
       Ice Form          |       |       |       |     7 ||     7
Evoke: Wand              |       |       |       |    16 ||    16
  Use: Scroll            |       |     7 |     3 |     5 ||    15
       Potion            |       |       |     1 |     2 ||     3
 Stab: Sleeping          |     7 |     5 |     4 |     5 ||    21
       Distracted        |       |       |       |     1 ||     1
Armor: Skin              |    10 |    12 |    30 |    26 ||    78
Dodge: Dodged            |    41 |   112 |   236 |   353 ||   742

Table legend: (Time is in decaauts)
 A = Elapsed time spent in this place.
 B = Non-inter-level travel time spent in this place.
 C = Inter-level travel time spent in this place.
 D = Time resting spent in this place.
 E = Time spent auto-exploring this place.
 F = Levels seen in this place.
 G = Mean time per level.
                   A        B        C        D        E       F      G
               +--------+--------+--------+--------+--------+-----+--------+
         Total |  19334 |  18739 |    595 |    413 |  14874 |  14 | 1381.0 |
       Dungeon |  16511 |  15941 |    570 |    287 |  12686 |  11 | 1501.0 |
        Temple |    551 |    528 |     23 |      0 |    528 |   1 |  551.0 |
          Lair |    776 |    776 |      0 |      0 |    713 |   1 |  776.0 |
         Sewer |   1494 |   1494 |      0 |    126 |    947 |   1 | 1494.0 |
               +--------+--------+--------+--------+--------+-----+--------+

Top non-repeatable levels by time:
     D:2: 2222 daAuts
     D:9: 2100 daAuts
     D:6: 2084 daAuts
     D:8: 1787 daAuts
    D:10: 1553 daAuts
   Sewer: 1494 daAuts
     D:7: 1468 daAuts
     D:3: 1279 daAuts
     D:4: 1214 daAuts
     D:5: 1150 daAuts
     D:1: 1105 daAuts
  Lair:1: 776 daAuts
  Temple: 551 daAuts
    D:11: 544 daAuts
